 Dungeon Crawl Stone Soup version 0.16-a0-66-gff12a3a (webtiles) character file.

1031 Charly the Transmogrifier (level 8, -1/54 HPs)
             Began as a Merfolk Transmuter on Aug 7, 2014.
             Was a Believer of Cheibriados.
             Slain by a centaur (4 damage)
             ... on Level 8 of the Dungeon.
             The game lasted 00:32:36 (2167 turns).

Charly the Transmogrifier (Merfolk Transmuter)      Turns: 2167, Time: 00:32:36

HP  -1/54        AC  2     Str 17      XL: 8   Next: 23%
MP  11/13        EV 27     Int 16      God: Cheibriados [**....]
Gold 102         SH  0     Dex 27 (28) Spells:  3 memorised,  5 levels left

rFire  + . .     SeeInvis .       - Unarmed
rCold  + . .     Clarity  .     c - melded +0 robe
rNeg   . . .     rCorr    +     (shield currently unavailable)
rPois  .         rRot     .     (helmet currently unavailable)
rElec  +         Spirit   .     (cloak currently unavailable)
SustAb .         Warding  .     (gloves currently unavailable)
rMut   .         Stasis   .     (boots currently unavailable)
Gourm  .                        (no amulet)
MR     .....                    (no ring)
                                g - ring of wizardry

@: agile, lethally poisoned, spider-form, resistant, very slow, not resistant to
hostile enchantments, fairly stealthy
A: (change form in water), (swift swim)
a: End Transformation, Bend Time, Renounce Religion


You were on level 8 of the Dungeon.
You worshipped Cheibriados.
Cheibriados was pleased with you.
You were not hungry.
You were in spider-form.
You visited 2 branches of the dungeon, and saw 9 of its levels.

You collected 102 gold pieces.

Inventory:

Hand weapons
 j - a +0 great sword
Missiles
 b - 22 arrows
 q - 9 poisoned needles
Armour
 c - a +0 robe (melded)
Comestibles
 a - 3 bread rations
 l - a rotting chunk of hound flesh
 p - a fruit
 r - a meat ration
Scrolls
 f - a scroll of identify
 m - 2 scrolls of teleportation {unknown}
 n - 3 scrolls of enchant armour {unknown}
 o - a scroll of remove curse
Jewellery
 g - a ring of wizardry (left front leg)
Potions
 i - a potion of cure mutation
Books
 d - a book of Changes

   Spells                             Type                      Level
   *Beastly Appendage                 Transmutation                1
   *Sticks to Snakes                  Transmutation                2
   *Spider Form                       Transmutation/Poison         3
   Ice Form                           Ice/Transmutation            4
   Blade Hands                        Transmutation                5


   Skills:
 - Level 1.1 Fighting
 - Level 2.6 Dodging
 + Level 8.3 Unarmed Combat
 - Level 2.0 Spellcasting
 + Level 8.4 Transmutations
 - Level 1.0 Poison Magic


You had 5 spell levels left.
You knew the following spells:

 Your Spells              Type           Power        Failure   Level  Hunger
b - Beastly Appendage     Trmt           ####..       1%          1    #......
s - Sticks to Snakes      Trmt           ####......   2%          2    ###....
S - Spider Form           Trmt/Pois      ###.......   12%         3    ####...


Dungeon Overview and Level Annotations

Branches:
Dungeon (8/15)             Temple (1/1) D:4
   Lair: D:8-11

Altars:
Cheibriados
Kikubaaqudgha
Nemelex Xobeh
Sif Muna
Trog
Vehumet
Xom

Annotations:
D:4 Grinder
D:7 Menkaure


Message History

The centaur hits you. The worker ant completely misses you.
The centaur closely misses you.
You hit the centaur.
The centaur is poisoned.
The centaur is moderately wounded.
The worker ant bites you.
* * * LOW HITPOINT WARNING * * *
You are poisoned.
The worker ant poisons you! The centaur completely misses you.
The worker ant misses you.
You bite the worker ant!
The worker ant is heavily wounded.
You feel sick. The centaur completely misses you.
The orc hits you with a hand axe!
* * * LOW HITPOINT WARNING * * *
The orc completely misses you. The worker ant closely misses you.
Drink which item? (? for menu, Esc to quit)
Okay, then.
The orc completely misses you. The centaur barely misses you.
The centaur hits you.
You die...

#########################
#
.............(...........
.
.................a........
#
.....<...........co.......
#
...........(.(.(so........
#
.................o.......
#
.....................B...
#
...........(.............
# ........................
# .......................
# ...................... #
.................... #
..............


You could see a goliath beetle, a centaur, a worker ant and 3 orcs.

Vanquished Creatures
  Eustachio (D:4)
  An ogre (D:5)
  An ice beast (D:7)
  A phantom (D:5)
  A centaur (D:5)
  A scorpion (D:6)
  3 crimson imps
  A goliath beetle (D:6)
  3 hounds
  An elf zombie (D:7)
  2 worker ants
  4 orc wizards
  3 adders
  A shadow imp (D:5)
  4 worms
  An ufetubus (D:4)
  An orc skeleton (D:7)
  2 giant geckos
  An ooze (D:3)
  15 orcs
  A giant cockroach (D:7)
  8 hobgoblins
  6 jackals
  3 ball pythons
  6 bats
  2 giant gecko skeletons
  3 giant newts
  5 goblins
  A goblin skeleton (D:5)
  A kobold (D:4)
  A quokka (D:3)
  7 rats
92 creatures vanquished.

Vanquished Creatures (collateral kills)
  An adder (D:2)
  A bat (D:2)
2 creatures vanquished.

Vanquished Creatures (others)
  A hound (D:5)
  An orc priest (D:5)
  A worker ant (D:5)
  A giant cockroach (D:5)
  A goblin (D:5)
5 creatures vanquished.

Grand Total: 99 creatures vanquished

Notes
Turn   | Place    | Note
--------------------------------------------------------------
     0 | D:1      | Charly, the Merfolk Transmuter, began the quest for the Orb.
     0 | D:1      | Reached XP level 1. HP: 15/15 MP: 3/3
   126 | D:1      | Reached XP level 2. HP: 11/21 MP: 2/4
   132 | D:1      | Learned a level 2 spell: Sticks to Snakes
   202 | D:2      | Reached skill level 4 in Unarmed Combat
   365 | D:3      | Reached XP level 3. HP: 11/26 MP: 1/6
   376 | D:3      | Learned a level 3 spell: Spider Form
   407 | D:3      | Reached XP level 4. HP: 16/32 MP: 2/7
   495 | D:3      | Reached skill level 5 in Unarmed Combat
   594 | D:3      | Reached skill level 1 in Poison Magic
   683 | D:4      | Found a staircase to the Ecumenical Temple.
   693 | Temple   | Entered the Ecumenical Temple
   697 | Temple   | Became a worshipper of Cheibriados the Contemplative
   772 | D:4      | Found a bloodstained altar of Trog.
   878 | D:4      | Noticed Eustachio
   906 | D:4      | Killed Eustachio
   906 | D:4      | Reached XP level 5. HP: 10/37 MP: 2/9
   906 | D:4      | Reached XP level 6. HP: 11/43 MP: 2/10
   979 | D:4      | Noticed Grinder
   979 | D:4      | Paralysed by Grinder for 2 turns
  1028 | D:5      | Entered Level 5 of the Dungeon
  1030 | D:5      | Found a shimmering altar of Xom.
  1037 | D:5      | Reached skill level 5 in Transmutations
  1041 | D:5      | Reached skill level 6 in Unarmed Combat
  1293 | D:5      | Reached XP level 7. HP: 34/48 MP: 6/12
  1336 | D:5      | Reached skill level 7 in Unarmed Combat
  1434 | D:5      | Found a shimmering altar of Xom.
  1649 | D:7      | Noticed Menkaure
  1732 | D:7      | Found a radiant altar of Vehumet.
  1876 | D:8      | Reached XP level 8. HP: 24/54 MP: 9/13
  1891 | D:8      | Reached skill level 8 in Unarmed Combat
  1972 | D:7      | HP: 1/54 [something/magic dart (11)]
  1977 | D:7      | HP: 1/81 [orc/club (1)]
  2167 | D:8      | Slain by a centaur

Action                   |  1- 3 |  4- 6 |  7- 9 || total
-------------------------+-------+-------+-------++-------
Melee: Unarmed           |    60 |   126 |   126 ||   312
 Cast: Beastly Appendage |     7 |     8 |     1 ||    16
       Sticks to Snakes  |     3 |     6 |       ||     9
       Spider Form       |     1 |    15 |    17 ||    33
 Abil: End Transformatio |       |     3 |     3 ||     6
  Use: Scroll            |     1 |     1 |     5 ||     7
       Potion            |       |       |     4 ||     4
 Stab: Sleeping          |       |     1 |       ||     1
  Eat: Chunk             |       |     4 |     3 ||     7
       Beef jerky        |       |     1 |     1 ||     2
